 Dungeon Crawl Stone Soup version 0.28.0-45-g0d030f2227 (webtiles) character file.

Game seed: 4207506884743487546

14 MisterFreud the Ruffian (level 2, -1/26 HPs)
             Began as a Ghoul Cinder Acolyte on Mar 31, 2022.
             Was a High Priest of Ignis.
             Slain by an adder (5 damage)
             ... on level 2 of the Dungeon.
             The game lasted 00:01:03 (1124 turns).

MisterFreud the Ruffian (Ghoul Cinder Acolyte)      Turns: 1124, Time: 00:01:04

Health: -1/26      AC:  2    Str: 17    XL:     2   Next: 41%
Magic:  1/2        EV: 11    Int:  9    God:    Ignis [*****.]
Gold:   78         SH:  0    Dex:  4    Spells: 1/3 levels left

rFire   + . .      SeeInvis .     - Unarmed
rCold   + . .      Faith    .   (no shield)
rNeg    + + +      Spirit   .   a - +0 robe
rPois   ∞          Reflect  .   (no helmet)
rElec   .          Harm     .   (no cloak)
rCorr   .          Rampage  .   (no gloves)
Will    .....                   (no boots)
Stlth   +.........              (no amulet)
HPRegen 0.00/turn               (no ring)
MPRegen 0.08/turn               (no ring)

@: inhibited regen
A: claws 1, cold resistance 1, negative energy resistance 3, inhibited
regeneration, torment resistance 2
a: Renounce Religion, Fiery Armour, Foxfire Swarm, Rising Flame


You were on level 2 of the Dungeon.
You worshipped Ignis.
Ignis was extremely pleased with you.
You visited 1 branch of the dungeon, and saw 2 of its levels.

You collected 78 gold pieces.

Inventory:

Missiles
 f - 5 boomerangs (quivered)
Armour
 a - a +0 robe (worn)
Scrolls
 c - a scroll of blinking {unknown}
 d - a scroll of enchant weapon {unknown}
Potions
 b - a potion of lignification {unknown}
 e - a potion of flight {unknown}


   Skills:
 + Level 3.5 Fighting
 * Level 3.9 Unarmed Combat
 - Level 1.0 Spellcasting
 - Level 2.4 Fire Magic


You had one spell level left.
You knew the following spells:

 Your Spells              Type           Power      Damage    Failure   Level
a - Scorch                Fire           8%         2d5       22%         2

Your spell library contained the following spells:

 Spells                   Type           Power      Damage    Failure   Level
 Summon Hydra             Summ           0%         N/A       100%        7
 Sublimation of Blood     Necr           Unusable   N/A       N/A         2
 Wereblood                Tmut           Unusable   N/A       N/A         2

Dungeon Overview and Level Annotations

Branches:
Dungeon (2/15)

Altars:


Innate Abilities, Weirdness & Mutations

You thrive by killing the living.
You are immune to poison.
You have sharp fingernails.
Your flesh is cold resistant. (rC+)
You are immune to negative energy. (rN+++)
You do not regenerate when monsters are visible.
You are immune to unholy pain and torment.


Message History

You miss the adder.
The adder is moderately wounded.
The adder bites you.
You are too injured to fight recklessly!
You closely miss the adder.
The adder is moderately wounded.
The adder bites you.
You are too injured to fight recklessly!
You barely miss the adder.
The adder is moderately wounded.
The adder barely misses you.
You scratch the adder but do no damage.
The adder is moderately wounded.
The adder bites you but does no damage. The adder bites you.
* * * LOW HITPOINT WARNING * * *
Unknown command.
Unknown command.
Casting: Scorch (safe; 22% risk of failure)
Confirm with . or Enter, or press ? or * to list all spells.
Flames lash the bat.
You kill the bat!
You feel better. The adder bites you.
* * * LOW HITPOINT WARNING * * *
Unknown command.
Unknown command.
Unknown command.
The adder barely misses you. The adder bites you.
* * * LOW HITPOINT WARNING * * *
The adder barely misses you.
You closely miss the adder.
The adder is moderately wounded.
The adder closely misses you.
You scratch the adder.
The adder is heavily wounded.
The adder barely misses you. The adder bites you but does no damage.
You scratch the adder.
The adder is almost dead.
The adder bites you.
You die...

#####.#.##. ######....###.##
#......###.#.### #########
#.####.# ##.#### #.......# #.#
#.# #>..## #.. #.......# #.#
#.######.##
#..##.......#####.####..........
#.....................(.......##
#...#......##S@.......#####.###
#..###........##.##..## #.#
#...#......#####..#..# #.#
#...###### #..# .######.###
##.## #... ........... #.#
##.##.#######.## #.# .#
.......... #.# #######.## #.#
####.##


You could see an adder.

Vanquished Creatures
  3 endoplasms
  A giant cockroach (D:1)
  A hobgoblin (D:1)
  2 kobolds
  A quokka (D:1)
  A ball python (D:1)
  A bat (D:2)
  2 frilled lizards (D:2)
  A rat (D:1)
13 creatures vanquished.

Notes
Turn   | Place    | Note
-------+----------+-------------------------------------------
     0 | D:1      | MisterFreud the Ghoul Cinder Acolyte began the quest for
                  | the Orb.
     0 | D:1      | Reached XP level 1. HP: 19/19 MP: 1/1
   564 | D:1      | Reached XP level 2. HP: 26/26 MP: 2/2
   569 | D:1      | Learned a level 2 spell: Scorch
  1124 | D:2      | Slain by an adder

Illustrated notes

Levels and vault maps discovered:
D:1:      eino_arrival_cavern_b, layout_loops_ring,
          minmay_misc_feat_more_columns, minmay_misc_feat_rows,
          minmay_split_cup_small
D:2:      layout_loops_ring, hellmonk_ecumenical_altar_pennies_from_heaven

Action                   || total
-------------------------++-------
Melee: Unarmed           ||    53
       Punch             ||     1
 Cast: Scorch            ||     1
Armor: Robe              ||     8
Dodge: Dodged            ||    26
